Map: Blackpink LE

Players

Hurricane

  • Race: Protoss Protoss
  • League: Grandmaster
  • Spawn Location: 1:00

llllllllllll - Winner!

  • Race: Terran Terran
  • League: Grandmaster
  • Spawn Location: 7:00

VOD

Have the link to the VOD?

Description

Time

  • Played on: Feb. 2, 2018, 12:44 p.m.
  • Length: 10:18
Show
View Real Time Build Order
Export as new Build Order

Hurricane Protoss 

Build Orders: 1 Gate Expand, Oracle Opening 

Get SALT Encoding   

  12  0:00  Probe  
  13  0:12  Probe  
  14  0:20  Pylon  
  14  0:25  Probe  
  15  0:38  Probe (Chrono Boost), Gateway  
  16  0:46  Probe (Chrono Boost)  
  16  0:47  Assimilator  
  17  0:52  Probe  
  18  1:04  Probe  
  19  1:16  Probe  
  20  1:24  Nexus  
  20  1:37  Probe, Cybernetics Core  
  21  1:43  Assimilator  
  21  1:49  Probe  
  21  1:53  Pylon  
  22  2:01  Probe  
  23  2:11  Adept (Chrono Boost)  
  23  2:13  Probe  
  26  2:20  Stargate  
  26  2:25  Probe  
  27  2:30  Adept (Chrono Boost)  
  27  2:31  Warp Gate  
  29  2:37  Probe  
  29  2:40  Probe  
  31  2:45  Probe  
  32  2:51  Adept (Chrono Boost)  
  32  2:54  Probe  
  35  2:59  Probe  
  36  3:06  Probe, Oracle (Chrono Boost)  
  36  3:11  Probe  
  41  3:18  Probe  
  42  3:23  Probe  
  41  3:30  Pylon  
  41  3:32  Probe  
  42  3:36  Probe  
  42  3:38  Oracle (Chrono Boost)  
  46  3:44  Nexus  
  46  3:48  Probe  
  46  3:50  Probe  
  48  4:01  Probe  
  49  4:09  Probe  
  46  4:16  Probe, Gateway  
  47  4:17  Gateway, Assimilator  
  47  4:18  Twilight Council, Assimilator  
  47  4:20  Robotics Facility  
  47  4:23  Probe  
  48  4:29  Probe (Chrono Boost)  
  49  4:34  Pylon  
  49  4:35  Probe (Chrono Boost)  
  49  4:37  Pylon, Blink  
  52  4:46  Probe x2 (Chrono Boost)  
  52  4:48  Sentry  
  52  4:51  Probe (Chrono Boost)  
  52  4:52  Probe  
  56  4:55  Forge  
  56  4:56  Probe  
  57  5:01  Probe  
  58  5:08  Probe  
  58  5:10  Robotics Bay  
  58  5:11  Probe  
  58  5:14  Probe, Observer (Chrono Boost)  
  62  5:20  Probe  
  63  5:28  Probe x2  
  65  5:31  Pylon  
  65  5:32  Probe  
  65  5:33  Protoss Ground Weapons Level 1  
  65  5:35  Gateway  
  66  5:36  Sentry, Gateway  
  66  5:37  Gateway  
  66  5:39  Observer (Chrono Boost)  
  66  5:41  Probe  
  66  5:42  Probe  
  71  5:45  Probe  
  71  5:47  Gateway  
  71  5:48  Gateway  
  72  5:50  Stalker  
  75  5:58  Probe x2  
  75  6:02  Shield Battery  
  76  6:05  Pylon  
  76  6:08  Zealot  
  76  6:11  Stalker  
  86  6:14  Stalker  
  88  6:18  Pylon  
  87  6:32  Stalker  
  87  6:33  Stalker  
  87  6:38  Robotics Facility  
  87  6:39  Pylon  
  74  6:42  Stalker  
  74  6:43  Stalker x3  
  62  6:58  Stalker x3  
  60  7:03  Probe (Chrono Boost)  
  58  7:11  Probe (Chrono Boost)  
  61  7:15  Probe (Chrono Boost)  
  61  7:16  Assimilator  
  61  7:17  Probe (Chrono Boost), Assimilator  
  61  7:21  Probe (Chrono Boost)  
  61  7:22  Probe (Chrono Boost)  
  63  7:23  Colossus (Chrono Boost)  
  63  7:25  Probe (Chrono Boost)  
  63  7:26  Probe (Chrono Boost)  
  63  7:29  Probe  
  71  7:30  Pylon  
  71  7:36  Probe  
  73  7:38  Probe  
  73  7:39  Zealot x4, Sentry  
  73  7:42  Probe  
  85  7:48  Probe  
  85  7:50  Probe  
  84  7:57  Stalker x2  
  84  8:05  Zealot x4  
  84  8:14  Stalker x2  
  80  8:25  Stalker x3  
  82  8:31  Probe  
  82  8:32  Probe x2  
  82  8:33  Observer (Chrono Boost)  
  86  8:44  Probe x3  
  86  8:47  Colossus (Chrono Boost)  
  95  8:57  Sentry x2  
  95  9:02  Probe x3  
  102  9:06  Zealot, Stalker  
  106  9:14  Probe  
  107  9:17  Stalker x2  
  109  9:27  Stalker x3  
  113  9:46  Probe x3  
  116  9:55  Pylon  
  116  9:57  Pylon  
  116  10:02  Zealot x2  
  116  10:03  Zealot x2  
Show
View Real Time Build Order
Export as new Build Order

llllllllllll Terran - Winner!

Build Orders: Reaper Expand, MMM Bio 

Get SALT Encoding   

  12  0:01  SCV  
  13  0:13  SCV  
  14  0:18  Supply Depot  
  14  0:25  SCV  
  15  0:39  SCV  
  15  0:40  Barracks  
  16  0:45  Refinery  
  16  0:51  SCV  
  17  1:03  SCV  
  18  1:15  SCV  
  19  1:29  Reaper, Orbital Command  
  20  1:40  Command Center  
  20  1:50  Supply Depot  
  20  1:54  SCV  
  21  2:01  Barracks Reactor  
  21  2:07  SCV  
  22  2:19  SCV  
  22  2:20  Command Center  
  23  2:31  SCV  
  23  2:34  Barracks  
  24  2:39  Marine x2  
  24  2:43  SCV  
  27  2:53  Orbital Command  
  27  2:56  SCV  
  27  2:57  Marine x2  
  30  3:02  Engineering Bay  
  30  3:08  SCV  
  31  3:15  Marine x2  
  33  3:22  SCV  
  33  3:25  Barracks Tech Lab  
  33  3:27  SCV  
  33  3:29  Missile Turret  
  33  3:31  Terran Infantry Weapons Level 1  
  33  3:33  Marine x2  
  36  3:36  Orbital Command  
  36  3:38  SCV  
  36  3:40  SCV  
  38  3:44  Stimpack, Marine  
  39  3:50  SCV  
  39  3:51  Marine x2  
  39  3:52  SCV  
  43  3:57  Barracks  
  43  4:02  SCV  
  44  4:03  SCV  
  44  4:04  SCV  
  44  4:08  Marine  
  45  4:10  Marine x2  
  45  4:14  SCV  
  45  4:16  SCV  
  49  4:19  Factory, Refinery  
  49  4:20  SCV, Refinery  
  50  4:26  Marine  
  50  4:27  SCV, Marine  
  50  4:28  Supply Depot, Marine  
  50  4:31  SCV  
  55  4:35  Supply Depot  
  55  4:37  SCV  
  56  4:41  SCV  
  56  4:43  SCV  
  56  4:46  Barracks Tech Lab  
  56  4:49  Marine x2  
  56  4:50  SCV, Marauder  
  61  4:53  SCV  
  61  4:56  Refinery  
  61  4:58  Supply Depot, SCV  
  63  5:02  Barracks  
  63  5:03  Barracks  
  63  5:05  Combat Shields  
  63  5:06  Marine  
  65  5:07  SCV  
  65  5:10  Starport  
  65  5:12  Factory Reactor  
  65  5:13  SCV  
  67  5:16  Orbital Command  
  67  5:19  SCV, Marine  
  67  5:20  Marauder  
  70  5:25  SCV  
  68  5:31  SCV, Marine, Marauder  
  72  5:37  SCV  
  72  5:39  Terran Infantry Armor Level 1  
  72  5:42  Supply Depot, Marine  
  74  5:43  SCV x2  
  74  5:47  Missile Turret  
  74  5:49  SCV  
  77  5:55  SCV, Factory Reactor, Medivac x2  
  82  5:59  Barracks Tech Lab  
  82  6:01  SCV  
  82  6:02  Supply Depot, SCV  
  82  6:03  Marine  
  84  6:07  SCV, Marine  
  84  6:08  Marine  
  84  6:11  Marine, Refinery  
  87  6:14  SCV, Concussive Shells  
  87  6:17  Supply Depot, SCV  
  90  6:19  Marine  
  90  6:20  SCV  
  92  6:26  Marauder  
  92  6:30  SCV, Marine  
  92  6:31  Marauder  
  97  6:35  Medivac x2  
  97  6:39  SCV  
  102  6:42  Marine  
  102  6:43  SCV, Marauder  
  102  6:44  Barracks Reactor  
  102  6:45  SCV  
  102  6:47  Supply Depot  
  105  6:48  Supply Depot  
  105  6:53  SCV  
  101  7:01  SCV  
  94  7:04  Marine x3  
  94  7:05  Medivac x2, Marauder  
  94  7:07  Widow Mine x2  
  101  7:08  SCV  
  101  7:10  Supply Depot  
  101  7:13  Marine  
  101  7:18  Armory  
  101  7:21  Marine  
  101  7:22  Marine, Marauder  
  105  7:23  Liberator  
  105  7:24  Liberator  
  105  7:25  Barracks  
  105  7:26  Barracks, Marauder  
  105  7:28  Widow Mine, Barracks  
  105  7:29  Widow Mine  
  111  7:32  Marauder  
  111  7:34  Supply Depot  
  111  7:35  Marine x2  
  111  7:36  Missile Turret  
  115  7:42  Marine  
  122  7:47  Supply Depot  
  119  7:51  Marine  
  119  7:52  Marauder  
  119  7:54  Widow Mine x2  
  126  8:02  Marine, Marauder  
  126  8:09  Marine x2, Marauder  
  126  8:10  Marine  
  123  8:13  Marauder  
  117  8:20  Marine  
  117  8:23  Medivac  
  117  8:24  Viking, Marauder  
  117  8:26  Marine  
  116  8:27  Barracks Reactor, Barracks Tech Lab  
  116  8:29  Barracks Tech Lab  
  116  8:31  Marauder  
  116  8:33  Marine  
  117  8:34  Marauder  
  117  8:35  Marine  
  117  8:37  Marine  
  121  8:44  Marine  
  121  8:45  Marauder  
  121  8:46  Marine  
  125  8:50  Marine  
  125  8:51  Marine  
  125  8:52  Marauder  
  125  8:53  Widow Mine x2  
  76  8:55  Viking  
  133  8:56  Marauder  
  133  8:57  Viking  
  133  9:00  Marine  
  140  9:04  Marauder  
  140  9:06  Supply Depot, Marine x2, Marauder  
  140  9:07  Supply Depot  
  140  9:09  Marauder  
  148  9:11  Marine  
  149  9:19  Marine  
  149  9:28  Marine x4, Marauder x3  
  149  9:29  Marauder  
  149  9:30  Marauder  
  163  9:40  Viking  
  163  9:43  Supply Depot  
  163  9:44  Supply Depot  
  163  9:45  Supply Depot  
  165  9:50  Marine  
  165  9:51  Marauder  
Tags
 
Add a new tag
Caveats
  • Supply blocks, unpowered buildings, or Contaminate may cause inaccurate times.
  • Supply counts are checked every 10 seconds.